Map: Sequencer LE

Players

SpeCiaL - Winner!

  • Race: Terran Terran
  • Spawn Location: 7:00

Zanster

  • Race: Zerg Zerg
  • Spawn Location: 1:00

Event: WCS Valencia 2017

VOD

Have the link to the VOD?

Description

Time

  • Played on: July 14, 2017, 2:22 p.m.
  • Length: 15:44

All games in this series

Show
View Real Time Build Order
Export as new Build Order

SpeCiaL Terran - Winner!

Build Orders: Bio Mine 

Get SALT Encoding   

  12  0:00  SCV  
  13  0:12  SCV  
  14  0:20  Supply Depot  
  14  0:25  SCV  
  15  0:42  SCV  
  16  0:43  Barracks  
  16  0:45  Refinery  
  16  0:54  SCV  
  17  1:01  Barracks  
  17  1:06  SCV  
  18  1:18  SCV  
  19  1:31  Orbital Command  
  19  1:32  Reaper  
  20  1:37  Barracks  
  20  1:49  Reaper  
  20  1:51  Supply Depot  
  21  1:55  Refinery  
  21  1:58  SCV  
  22  2:05  Reaper  
  23  2:13  SCV  
  24  2:23  Reaper  
  24  2:25  SCV  
  24  2:29  Supply Depot  
  26  2:35  Reaper  
  27  2:37  SCV  
  27  2:42  Reaper  
  29  2:49  SCV  
  30  2:57  Reaper  
  31  2:59  Command Center  
  31  3:01  SCV  
  32  3:07  Reaper  
  33  3:14  SCV, Reaper  
  35  3:26  SCV, Supply Depot  
  36  3:29  Reaper  
  37  3:38  SCV  
  38  3:50  SCV  
  38  3:53  Barracks Tech Lab  
  38  3:55  Command Center  
  39  4:02  SCV  
  40  4:03  Barracks Reactor  
  40  4:07  Barracks Reactor  
  40  4:13  Orbital Command  
  40  4:14  Marine, SCV  
  40  4:15  Stimpack  
  42  4:26  SCV  
  43  4:31  Marine  
  44  4:38  SCV, Factory  
  44  4:39  SCV  
  44  4:40  Marine x2  
  44  4:43  Marine x2  
  50  4:49  Marine  
  50  4:50  SCV  
  50  4:51  SCV  
  53  4:56  Supply Depot  
  53  4:58  Marine x2  
  55  5:01  Marine  
  55  5:02  Marine, SCV  
  55  5:03  SCV  
  59  5:07  Marine  
  59  5:08  Orbital Command  
  60  5:15  SCV x2  
  60  5:16  Marine x2  
  60  5:18  Engineering Bay  
  60  5:20  Marine, Engineering Bay  
  65  5:26  Marine  
  65  5:27  SCV x2  
  68  5:33  Marine  
  66  5:39  SCV x3, Marine  
  66  5:41  Marine  
  71  5:44  Factory Reactor  
  71  5:45  Marine x2, Starport  
  71  5:48  Supply Depot  
  73  5:51  SCV x2, Marine  
  73  5:53  Refinery  
  73  5:55  SCV  
  73  5:56  Refinery  
  77  5:58  Terran Infantry Weapons Level 1  
  77  6:02  Marine x2, Supply Depot  
  79  6:10  SCV x2  
  81  6:13  Marine  
  81  6:14  Marine  
  81  6:17  Terran Infantry Armor Level 1, SCV  
  84  6:19  Marine  
  84  6:20  Marine x2  
  84  6:22  SCV x2  
  84  6:25  Supply Depot  
  89  6:27  Supply Depot  
  89  6:28  Factory Reactor  
  89  6:29  SCV  
  89  6:30  Medivac  
  89  6:31  Marine, Combat Shields, Medivac  
  89  6:32  Marine  
  96  6:35  SCV x2  
  96  6:39  Marine  
  99  6:41  Marine  
  99  6:44  SCV  
  99  6:46  Marine  
  102  6:47  SCV  
  102  6:49  Marine  
  102  6:50  Marine, Barracks  
  102  6:51  Barracks  
  104  6:56  Marine  
  104  6:59  Marine  
  104  7:00  Medivac  
  104  7:01  Medivac  
  110  7:02  Supply Depot  
  110  7:04  Marine, SCV x3  
  110  7:05  Widow Mine  
  110  7:06  Marine  
  117  7:12  Supply Depot  
  117  7:13  Supply Depot  
  117  7:23  Widow Mine  
  117  7:24  Marine x5, SCV x2, Supply Depot  
  117  7:29  Armory  
  125  7:33  Medivac  
  125  7:36  Widow Mine  
  127  7:39  Medivac  
  127  7:41  Marine x3  
  134  7:50  Marine x2  
  138  7:52  Barracks Reactor x2, Widow Mine  
  138  8:03  Marine x3  
  138  8:04  Medivac  
  138  8:05  Widow Mine  
  141  8:08  Marine x2  
  141  8:09  Medivac  
  147  8:13  Command Center  
  141  8:21  Marine  
  141  8:22  Marine  
  141  8:23  Widow Mine  
  141  8:26  Marine  
  143  8:31  Marine  
  143  8:32  Marine x2  
  143  8:33  Widow Mine  
  146  8:36  Medivac  
  146  8:37  Marine x2  
  146  8:38  Marine  
  146  8:39  Marine, Medivac  
  146  8:40  Supply Depot  
  140  8:42  Marine  
  140  8:47  Marine  
  142  8:49  Factory  
  142  8:50  SCV  
  142  8:52  Terran Infantry Weapons Level 2  
  142  8:53  Marine x2  
  140  8:55  Refinery  
  140  8:56  Marine x4  
  140  8:57  Marine  
  140  9:00  Marine, Supply Depot  
  143  9:05  Marine  
  144  9:11  Marine x2  
  144  9:13  Marine x2, Widow Mine x2  
  144  9:14  Marine x2  
  144  9:15  Marine  
  152  9:21  Medivac  
  152  9:23  Marine  
  138  9:24  Marine  
  138  9:26  SCV x2  
  138  9:28  Marine  
  138  9:29  Marine  
  139  9:31  Marine x2  
  139  9:34  Marine x2  
  139  9:36  Marine  
  139  9:38  Terran Infantry Armor Level 2  
  136  9:41  Marine, Barracks  
  136  9:45  Barracks  
  135  9:46  Marine x3  
  135  9:48  Planetary Fortress  
  138  9:52  Marine, Factory Tech Lab  
  138  9:53  Marine  
  138  9:55  Marine x3  
  138  9:56  Medivac x2  
  138  9:59  Marine  
  142  10:04  Marine  
  142  10:05  Marine  
  142  10:06  Missile Turret  
  144  10:07  Marine  
  144  10:09  Terran Vehicle And Ship Armor Level 1  
  144  10:10  Marine  
  144  10:12  Marine  
  144  10:14  Marauder  
  149  10:15  Widow Mine x2  
  149  10:16  Thor  
  149  10:20  Marine  
  159  10:22  SCV x3  
  159  10:26  Drilling Claws  
  162  10:34  Marine  
  162  10:35  Marauder  
  164  10:41  Marine  
  164  10:42  Marine  
  157  10:45  Marine x3  
  157  10:46  Widow Mine x2  
  157  10:47  Marine x2  
  157  10:49  Barracks Reactor, Barracks Tech Lab  
  160  10:51  Command Center  
  160  10:52  Marine  
  160  10:53  Supply Depot x2  
  160  10:56  Marauder  
  163  10:58  Thor  
  163  11:01  Missile Turret x2  
  169  11:06  Marine  
  169  11:09  Marine x3  
  169  11:10  Marauder, Marine  
  176  11:11  Marine  
  176  11:13  Marine  
  176  11:14  Marine  
  176  11:18  Marauder  
  154  11:26  Marine  
  154  11:27  Marine x5  
  154  11:29  Marine  
  154  11:30  Marine  
  154  11:31  Marine  
  154  11:32  Marine  
  136  11:33  Widow Mine x2  
  136  11:39  Marine  
  125  11:44  Marine  
  125  11:45  Marine x5, SCV  
  120  11:47  Marine  
  120  11:48  Marine x2  
  120  11:50  Marine, SCV x2  
  126  11:54  Terran Infantry Weapons Level 3  
  126  11:56  Marine  
  126  12:01  SCV  
  124  12:02  SCV x2, Marine  
  124  12:03  Marine x3  
  124  12:05  Marine  
  124  12:08  Orbital Command  
  129  12:13  Marine  
  129  12:15  Marine  
  131  12:16  Marine x2  
  131  12:19  Marine  
  131  12:20  Marine x2  
  131  12:23  Widow Mine x2  
  131  12:25  Marine  
  131  12:26  Marine  
  131  12:28  SCV x2  
  131  12:29  SCV  
  140  12:31  Barracks Reactor, Marine  
  140  12:39  Terran Infantry Armor Level 3  
  140  12:40  Marine, SCV x2  
  140  12:42  Marine x2  
  140  12:44  Marine x2  
  140  12:45  Marine  
  140  12:46  Marine  
  140  12:48  Marine  
  140  12:49  Widow Mine  
  142  12:52  Widow Mine  
  142  12:53  Medivac x2  
  142  12:56  Marine x2  
  142  12:57  Marine  
  150  13:01  Marine  
  150  13:02  Marine x2  
  150  13:04  Marine x2  
  153  13:06  Missile Turret  
  153  13:07  Marauder, Missile Turret  
  153  13:12  Marine x2  
  157  13:16  Marauder  
  157  13:17  Marine x2  
  157  13:18  Marine  
  152  13:22  Marine  
  152  13:23  Marine x4, Medivac x2  
  160  13:28  Marauder  
  160  13:29  Marine  
  160  13:30  Marine  
  164  13:37  Marauder  
  164  13:38  Marine  
  164  13:40  Marine x2  
  164  13:41  Marine x2  
  170  13:42  Marine x2  
  170  13:47  Marine x2  
  173  13:49  Marauder, Marine  
  173  13:53  Medivac x2, Widow Mine  
  182  13:56  Marine  
  182  13:59  Marauder  
  182  14:02  Marine x5  
  190  14:06  Supply Depot  
  190  14:11  Marauder, Marine  
  190  14:13  Marine  
  190  14:20  Marauder  
  190  14:23  Medivac  
  194  14:28  Marine x3  
  194  14:29  Marine x3  
  200  14:39  Barracks  
  200  14:44  Hi-Sec Auto Tracking  
  198  14:51  Marine x2  
  198  14:52  Marauder  
  200  14:57  Marauder  
  194  15:08  Marine  
  194  15:09  Marine x2  
  194  15:11  Widow Mine  
  199  15:17  Marine  
  199  15:18  Marauder x2  
  199  15:19  Marine x2  
  182  15:22  Marine  
Show
View Real Time Build Order
Export as new Build Order

Zanster Zerg 

Build Orders: Hatch First, Muta Ling Bane 

Get SALT Encoding   

  12  0:00  Drone  
  13  0:12  Overlord  
  13  0:17  Drone  
  14  0:31  Drone x2  
  14  0:35  Drone  
  17  0:53  Hatchery  
  17  0:55  Drone  
  17  0:58  Drone  
  18  1:11  Extractor  
  17  1:14  Spawning Pool  
  17  1:16  Drone  
  17  1:20  Drone  
  18  1:28  Drone  
  19  1:39  Drone  
  20  1:50  Overlord  
  20  2:01  Queen  
  22  2:05  Queen  
  22  2:07  Zergling x4  
  26  2:11  Metabolic Boost  
  26  2:12  Zergling x2  
  27  2:17  Drone  
  28  2:23  Drone  
  28  2:28  Drone  
  30  2:38  Hatchery  
  30  2:42  Drone  
  30  2:44  Queen  
  30  2:49  Overlord  
  32  2:57  Zergling x4  
  34  2:59  Drone  
  34  3:00  Drone  
  36  3:10  Zergling x10  
  36  3:20  Queen  
  36  3:23  Zergling x6  
  41  3:29  Queen  
  43  3:35  Overlord  
  43  3:41  Zergling x2  
  43  3:50  Overlord  
  43  3:56  Drone  
  43  3:57  Drone x6  
  43  3:58  Drone  
  43  4:01  Drone  
  52  4:03  Drone  
  52  4:08  Queen  
  55  4:13  Drone x2  
  55  4:15  Drone  
  58  4:19  Drone  
  58  4:24  Drone  
  60  4:25  Drone  
  60  4:30  Drone  
  62  4:33  Overlord  
  62  4:34  Extractor, Drone x4  
  65  4:43  Drone  
  65  4:45  Overlord  
  65  4:53  Overlord  
  65  4:55  Drone  
  65  4:56  Drone x3  
  65  4:57  Drone  
  70  5:01  Evolution Chamber  
  70  5:02  Evolution Chamber  
  70  5:05  Drone x2  
  70  5:06  Hatchery, Drone  
  70  5:10  Drone x3  
  73  5:17  Overlord  
  73  5:21  Zergling x4  
  74  5:27  Zergling x2  
  74  5:28  Zergling x4  
  74  5:36  Zerg Ground Armor Level 1, Zerg Melee Weapons Level 1  
  74  5:40  Baneling Nest  
  74  5:41  Zergling x14  
  78  5:44  Overlord  
  78  5:52  Drone  
  78  5:56  Drone  
  79  5:57  Drone  
  79  5:58  Lair  
  79  6:01  Drone  
  79  6:02  Extractor  
  79  6:03  Extractor, Overlord  
  79  6:07  Overlord  
  79  6:08  Drone  
  79  6:10  Drone x5  
  85  6:11  Drone  
  85  6:12  Drone  
  85  6:13  Hatchery, Drone  
  85  6:15  Drone  
  85  6:17  Overlord  
  88  6:18  Drone  
  88  6:24  Zergling x2  
  88  6:25  Zergling x2  
  90  6:28  Baneling x7  
  90  6:32  Zergling x6  
  93  6:34  Baneling x2  
  93  6:35  Overlord  
  93  6:41  Zergling x14  
  93  6:42  Zergling x2  
  93  6:44  Overlord  
  100  6:53  Zergling x10  
  100  6:54  Zergling x2  
  106  6:55  Overlord  
  106  7:00  Hatchery  
  105  7:01  Centrifical Hooks  
  105  7:12  Zergling x2  
  105  7:13  Zergling x12  
  112  7:15  Overlord  
  112  7:18  Hatchery  
  110  7:30  Extractor, Spire, Drone  
  110  7:31  Drone x8  
  110  7:32  Extractor  
  115  7:37  Overseer  
  115  7:38  Zerg Melee Weapons Level 2  
  115  7:44  Zerg Ground Armor Level 2  
  115  7:47  Zergling x10  
  119  7:58  Zergling x2  
  119  7:59  Zergling x18  
  120  8:21  Baneling  
  112  8:27  Zergling x26  
  112  8:33  Zergling x2  
  112  8:34  Zergling x2  
  123  8:35  Baneling x6  
  123  8:36  Baneling  
  109  8:43  Drone x3  
  112  8:49  Mutalisk x4  
  112  8:50  Mutalisk x2  
  112  8:53  Drone x5  
  117  9:04  Zergling x16  
  119  9:12  Extractor  
  119  9:13  Zergling x2  
  119  9:14  Zergling x8  
  115  9:17  Queen  
  115  9:22  Zergling x14  
  120  9:27  Baneling x9  
  111  9:36  Mutalisk x4  
  111  9:38  Zergling x8  
  111  9:42  Queen  
  111  9:47  Mutalisk  
  111  9:49  Zergling x12  
  119  9:58  Mutalisk  
  121  10:04  Zergling x16  
  121  10:07  Baneling x4  
  129  10:12  Baneling x5  
  129  10:13  Baneling x2  
  129  10:14  Zergling x12  
  129  10:15  Zergling x2  
  135  10:24  Overlord  
  134  10:33  Zergling x28  
  144  10:41  Baneling x5  
  138  10:45  Zergling x16  
  145  10:50  Zergling x4  
  145  11:06  Baneling x7  
  143  11:16  Zergling x12  
  143  11:17  Zergling x8  
  143  11:19  Hatchery, Zergling x2  
  143  11:20  Zergling x12  
  141  11:30  Mutalisk x4  
  138  11:37  Drone  
  134  11:40  Zergling x14  
  134  11:41  Zergling x2  
  134  11:46  Drone x4  
  134  11:49  Overseer  
  121  11:59  Mutalisk x2  
  121  12:05  Drone  
  121  12:06  Drone  
  120  12:19  Zergling x24  
  129  12:29  Zergling x4  
  131  12:31  Zerg Flyer Armor Level 1  
  129  12:39  Zergling x20  
  134  12:49  Baneling x17  
  134  13:03  Baneling x8  
  134  13:13  Baneling x10  
  134  13:14  Hatchery  
  134  13:16  Zergling x2  
  134  13:17  Zergling x2  
  135  13:24  Baneling x9  
  126  13:36  Spore Crawler  
  126  13:39  Drone  
  126  13:40  Drone x2  
  127  13:49  Drone x5  
  127  13:50  Drone x5  
  131  14:03  Drone x6  
  131  14:09  Overseer  
  129  14:28  Zergling x32  
  145  14:37  Zergling x8  
  145  14:38  Zergling x6  
  140  14:56  Zergling x18  
  105  15:22  Zergling x10  
  105  15:23  Zergling x16  
Tags
 
Add a new tag
Caveats
  • Supply blocks, unpowered buildings, or Contaminate may cause inaccurate times.
  • Supply counts are checked every 10 seconds.